 Dungeon Crawl Stone Soup version 0.20.1-1-g8b1a95d (webtiles) character file.

434 jojo4000 the Chopper (level 6, -7/56 HPs)
             Began as a Minotaur Berserker on July 15, 2017.
             Was a Priest of Trog.
             Splashed by Ijyb's acid (14 damage)
             ... on level 3 of the Dungeon.
             The game lasted 00:07:48 (1816 turns).

jojo4000 the Chopper (Minotaur Berserker)           Turns: 1816, Time: 00:07:49

Health: -7/56      AC:  4    Str: 24    XL:     6   Next: 68%
Magic:  5/5        EV:  5    Int:  4    God:    Trog [***...]
Gold:   106        SH:  8    Dex:  9    Spells: 5/5 levels left

rFire    . . .     SeeInvis .   a - +0 hand axe
rCold    . . .     Gourm    .   m - +0 shield
rNeg     . . .     Faith    .   f - +0 plate armour
rPois    .         Spirit   .   (helmet restricted)
rElec    .         Reflect  .   (no cloak)
rCorr    .         Harm     .   (no gloves)
MR       .....                  (no boots)
Stlth    ..........             (no amulet)
Regen    0.2/turn               (no ring)
MPRegen  0.1/turn               (no ring)

@: corroded
A: retaliatory headbutt, horns 2
a: Berserk, Trog's Hand, Burn Spellbooks, Renounce Religion


You were on level 3 of the Dungeon.
You worshipped Trog.
Trog was most pleased with you.
You were not hungry.

You visited 1 branch of the dungeon, and saw 3 of its levels.

You collected 106 gold pieces.

Inventory:

Hand Weapons
 a - a +0 hand axe (weapon)
Armour
 b - a +0 animal skin
 f - a +0 plate armour (worn)
 m - a +0 shield (worn)
Jewellery
 o - an uncursed ring of magical power {unknown}
 r - an uncursed ring of resist corrosion {unknown}
Scrolls
 e - 4 scrolls of teleportation {unknown}
 i - a scroll of blinking {unknown}
 k - 2 scrolls of identify {unknown}
 n - a scroll of amnesia {unknown}
 p - a scroll of magic mapping {unknown}
 s - a scroll of immolation {unknown}
 w - a scroll of enchant armour {unknown}
 x - 2 scrolls of enchant weapon {unknown}
 y - a scroll of remove curse {unknown}
Potions
 d - 3 potions of haste {unknown}
 g - a potion of lignification {unknown}
 j - a potion of degeneration {unknown}
 l - a potion of brilliance {unknown}
 q - a potion of flight {unknown}
 t - a potion of magic {unknown}
 u - a potion of mutation {unknown}
Comestibles
 c - a bread ration
 h - 2 royal jellies
 v - 2 meat rations
 z - 4 chunks of flesh


   Skills:
 * Level 5.1 Fighting
 * Level 7.0 Axes
 + Level 4.6 Armour
 + Level 2.4 Dodging
 + Level 0.6 Stealth
 + Level 1.0 Shields


You had 5 spell levels left.
You didn't know any spells.

Dungeon Overview and Level Annotations

Branches:
Dungeon (3/15)

Altars:
Cheibriados
Fedhas
Nemelex Xobeh
Qazlal

Annotations:
D:3 Ijyb


Innate Abilities, Weirdness & Mutations

You reflexively headbutt those who attack you in melee.
You have a pair of horns on your head.


Message History

Ijyb zaps a wand.
The bolt of acid hits you! The acid corrodes you!
You are splashed with acid!
The acid burns!
It is a wand of acid (?/15).
You hit Ijyb but do no damage. Ijyb hits you but does no damage.
You hit Ijyb but do no damage. Ijyb hits you but does no damage.
Your shield prevents you from hitting Ijyb.
Your headbutt misses Ijyb. You closely miss the frilled lizard.
The frilled lizard bites you but does no damage.
Ijyb zaps a wand.
The bolt of acid hits you!
You are splashed with acid!
The acid burns!
* * * LOW HITPOINT WARNING * * *
You hit Ijyb.
Ijyb is lightly wounded.
You miss the frilled lizard. The frilled lizard barely misses you.
You furiously retaliate!
You headbutt the frilled lizard!
You kill the frilled lizard!
Trog accepts your kill.
Ijyb zaps a wand.
The bolt of acid hits you!
* * * LOW HITPOINT WARNING * * *
The acid corrodes you!
You are splashed with acid!
The acid burns!
You die...

...##..........###.#.####.#
#.. #..........###.#.# #.#
#.. #................####.##
#.. .....(...........#..
.....# #..
####.............. #...# #..
#.............# #...# #÷#
#.............######...###.#
#..........................#
...........@..######........
......g...# ###......
..........# ####.......
....###.............)÷.. ###
#......##.........
#......####....... #.<....#
#....... #......# ##......
##.....


You could see Ijyb.

Vanquished Creatures
  Grinder (D:3)
  The ghost of Oddysee the Magician, an amateur DECj (D:3)
  6 adders
  2 oozes
  2 dart slugs
  6 leopard geckos
  4 bats
  2 giant cockroaches
  A hobgoblin (D:3)
  3 jackals (D:1)
  A quokka (D:3)
  7 frilled lizards
  8 goblins
  14 kobolds
  8 rats
66 creatures vanquished.

Notes
Turn   | Place    | Note
-------+----------+-------------------------------------------
     0 | D:1      | jojo4000 the Minotaur Berserker began the quest for the Orb.
     0 | D:1      | Reached XP level 1. HP: 19/19 MP: 0/0
   106 | D:1      | Reached skill level 4 in Axes
   106 | D:1      | Reached XP level 2. HP: 27/27 MP: 1/1
   225 | D:1      | Reached ** piety under Trog
   614 | D:1      | Reached XP level 3. HP: 33/33 MP: 2/2
   989 | D:2      | Found a snail-covered altar of Cheibriados.
  1070 | D:2      | Reached XP level 4. HP: 34/41 MP: 3/3
  1503 | D:2      | Found a stormy altar of Qazlal.
  1508 | D:2      | Found a blossoming altar of Fedhas.
  1510 | D:2      | Found a sparkling altar of Nemelex Xobeh.
  1622 | D:3      | Reached skill level 5 in Axes
  1645 | D:3      | Noticed Grinder
  1650 | D:3      | Noticed Oddysee's ghost (amateur DECj)
  1655 | D:3      | Killed Oddysee's ghost
  1655 | D:3      | Reached skill level 5 in Fighting
  1655 | D:3      | Reached XP level 5. HP: 48/48 MP: 4/4
  1660 | D:3      | Killed Grinder
  1660 | D:3      | Reached skill level 6 in Axes
  1660 | D:3      | Reached XP level 6. HP: 56/56 MP: 5/5
  1778 | D:3      | Reached *** piety under Trog
  1778 | D:3      | Reached skill level 1 in Shields
  1792 | D:3      | Reached skill level 7 in Axes
  1809 | D:3      | Noticed Ijyb
  1816 | D:3      | Splashed by Ijyb's acid

Skill      XL: |  1  2  3  4  5  6 |
---------------+-------------------+-----
Axes           | 4 5 6 7 |  7.0
Fighting       | 4 5 |  5.1
Armour         | 3 4 |  4.6
Shields        | 1 |  1.0
Dodging        | |  2.4
Stealth        | |  0.6

Action                   |  1- 3 |  4- 6 || total
-------------------------+-------+-------++-------
Melee: Hand axe          |    97 |    63 ||   160
       Headbutt          |     9 |    12 ||    21
Invok: Berserk           |       |     1 ||     1
       Trog's Hand       |       |     1 ||     1
  Eat: Chunk             |       |     4 ||     4
Armor: Plate armour      |    65 |    43 ||   108
Dodge: Dodged            |    26 |    16 ||    42
Block: Shield            |    10 |    30 ||    40
